 Dungeon Crawl Stone Soup version 0.29.1-2-gbd0b4ee654 (webtiles) character file.

Game seed: 11547769346726934897

457 qeuew the Ducker (level 7, -4/45 (54) HPs)
             Began as a Merfolk Gladiator on Nov 14, 2022.
             Was an Initiate of Okawaru.
             Slain by a wight
             ... wielding a +0 dagger
              (6 damage)
             ... on level 5 of the Dungeon.
             The game lasted 00:04:14 (4194 turns).

qeuew the Ducker (Merfolk Gladiator)                Turns: 4194, Time: 00:04:15

HP:   -4/45 (54)    AC: 10    Str: 15      XL:     7   Next: 6%
MP:   7/7           EV: 15    Int:  5 (6)  God:    Okawaru [......]
Gold: 152           SH:  0    Dex: 19 (20) Spells: 6/6 levels left

rFire   . . .      SeeInvis .   a - +1 trident
rCold   . . .      Faith    .   (no shield)
rNeg    . . .      Spirit   .   b - +0 leather armour
rPois   +          Reflect  .   c - +0 helmet
rElec   .          Harm     .   o - +0 cloak
rCorr   .          Rampage  .   g - +2 pair of gloves
Will    +....                   (no boots)
Stlth   +.........              (no amulet)
HPRegen 0.15/turn               p - ring of poison resistance
MPRegen 0.10/turn               k - ring of willpower

@: heavily drained
A: (nimble swimmer 2), mertail, iridescent scales 1, agile 1, MP-powered wands
a: Renounce Religion


You were on level 5 of the Dungeon.
You worshipped Okawaru.
Okawaru was noncommittal.
You visited 1 branch of the dungeon, and saw 5 of its levels.

You collected 152 gold pieces.

Inventory:

Hand Weapons
 a - a +1 trident (weapon)
Missiles
 d - 3 throwing nets (quivered)
 e - a javelin
Armour
 b - a +0 leather armour (worn)
 c - a +0 helmet (worn)
 g - a +2 pair of gloves (worn)
 o - a +0 cloak (worn)
Jewellery
 k - a ring of willpower (right hand)
 p - a ring of poison resistance (left hand)
Scrolls
 h - a scroll of teleportation
 i - 3 scrolls of fear
 j - 3 scrolls of enchant armour
Potions
 f - 2 potions of curing
 l - a potion of ambrosia
 m - a potion of invisibility {unknown}


   Skills:
 + Level 4.0 Fighting
 + Level 5.7 Polearms
 + Level 3.6 Throwing
 + Level 2.1 Armour
 + Level 5.7 Dodging


You had 6 spell levels left.
You didn't know any spells.
Your spell library contained the following spells:

 Spells                   Type           Power      Damage    Failure   Level
 Freeze                   Ice            0%         1d3       54%         1
 Sandblast                Erth           0%         2d4       54%         1
 Passwall                 Tmut/Erth      0%         N/A       69%         2
 Frozen Ramparts          Ice            0%         1d1       89%         3
 Stone Arrow              Conj/Erth      0%         3d7       89%         3
 Hailstorm                Conj/Ice       0%         3d3       100%        4


Dungeon Overview and Level Annotations

Branches:
Dungeon (5/15)
 Temple: D:4-7

Altars:
Dithmenos
Okawaru

Shops:
D:2 (


Innate Abilities, Weirdness & Mutations

((You are very nimble when in or above water. (Stealth+, EV+, Speed+++)))
Your lower body shifts to a powerful aquatic tail in water.
You are partially covered in iridescent scales. (AC +2)
You are agile. (Dex +4, Str/Int -1)
You expend magic power (3 MP) to strengthen your wands.


Message History

The scorpion barely misses you. The wight barely misses you.
The wight hits you with a +0 dagger.
You hit the wight.
The wight is severely damaged.
The scorpion completely misses you. The scorpion misses you.
The wight hits you with a +0 flail. The wight barely misses you.
You barely miss the wight.
The wight is severely damaged.
The scorpion closely misses you. The wight hits you but does no damage.
The wight closely misses you. The wight attacks as you move away!
The wight closely misses you. The wight attacks as you move away!
The wight hits you with a +0 flail!
You feel drained. The wight attacks as you move away!
The wight hits you with a +0 dagger. The scorpion misses you.
The scorpion completely misses you.
You barely miss the wight.
The scorpion stings you but does no damage.
The wight hits you with a +0 dagger.
You hit the wight.
The wight is lightly damaged.
The scorpion stings you but does no damage.
The wight hits you with a +0 short sword.
* * * LOW HITPOINT WARNING * * *
You feel drained. The wight hits you with a +0 dagger!
* * * LOW HITPOINT WARNING * * *
You feel drained.
* * * LOW HITPOINT WARNING * * *
You feel better. The scorpion misses you.
The wight hits you with a +0 short sword!
* * * LOW HITPOINT WARNING * * *
The wight hits you but does no damage.
As you read the scroll of fear, it crumbles to dust.
You assume a fearsome visage.
The scorpion looks frightened!
The wight is unaffected. x2
The wight hits you with a +0 short sword.
* * * LOW HITPOINT WARNING * * *
You feel drained.
* * * LOW HITPOINT WARNING * * *
The wight hits you with a +0 dagger.
You die...

. #..# # # #..# # #.
#..# # ###.###..## #
### ..........# # #
##.## #.#.#.#.#.#
###...## #..z..s)(.#
##.....########z#.#.###
...............z@...#
##.....##############
##...## ##.## ###


You could see a scorpion (fleeing) and 3 wights.

Vanquished Creatures
  A jelly (D:5)
  2 hounds
  3 orc priests (D:3)
  Jessica (D:3)
  An iguana (D:4)
  2 orc wizards
  5 adders
  4 gnolls (D:4)
  3 dart slugs
  6 orcs
  6 ball pythons
  6 endoplasms
  3 giant cockroaches
  9 goblins
  8 hobgoblins
  A jackal (D:5)
  8 kobolds
  8 quokkas
  3 bats
  2 frilled lizards
  5 rats
87 creatures vanquished.

Vanquished Creatures (others)
  3 plants
3 creatures vanquished.

Grand Total: 90 creatures vanquished

Notes
Turn   | Place    | Note
-------+----------+-------------------------------------------
     0 | D:1      | qeuew the Merfolk Gladiator began the quest for the Orb.
     0 | D:1      | Reached XP level 1. HP: 16/16 MP: 1/1
   347 | D:1      | Reached XP level 2. HP: 23/23 MP: 2/2
   648 | D:1      | Reached XP level 3. HP: 28/28 MP: 3/3
  1251 | D:2      | Found Piocaj's Antique Weapon Boutique.
  1477 | D:2      | Reached skill level 1 in Armour
  1477 | D:2      | Reached XP level 4. HP: 31/34 MP: 4/4
  2000 | D:3      | Noticed Jessica
  2008 | D:3      | Killed Jessica
  2056 | D:3      | Reached XP level 5. HP: 40/41 MP: 5/5
  2176 | D:3      | Reached skill level 5 in Polearms
  2176 | D:3      | Reached skill level 5 in Dodging
  2732 | D:4      | Reached XP level 6. HP: 41/47 MP: 6/6
  3160 | D:4      | Found an iron altar of Okawaru.
  3209 | D:4      | Became a worshipper of Warmaster Okawaru
  3943 | D:4      | Gained mutation: You are weak. (Str -2) [potion of
                  | mutation]
  3944 | D:4      | Lost mutation: You are weak. (Str -2) [potion of mutation]
  3944 | D:4      | Gained mutation: You expend magic power (3 MP) to
                  | strengthen your wands. [potion of mutation]
  3944 | D:4      | Gained mutation: You are agile. (Dex +4, Str/Int -1)
                  | [potion of mutation]
  3944 | D:4      | Gained mutation: You are partially covered in iridescent
                  | scales. (AC +2) [potion of mutation]
  3975 | D:5      | Entered Level 5 of the Dungeon
  3987 | D:5      | Found a shadowy altar of Dithmenos.
  4136 | D:5      | Reached XP level 7. HP: 54/54 MP: 7/7
  4194 | D:5      | HP: 2/45 [wight/+0 short sword (1)]
  4194 | D:5      | Slain by a wight

Illustrated notes

Levels and vault maps discovered:
D:1:      amcnicky_arrival_flooded_fountain, layout_basic
D:2:      layout_basic, serial_shops, shop_statue, minmay_crystal_water,
          minmay_misc_feat_five, st_stairs_1
D:3:      layout_loops_ring, serial_bayou_ford_a, uniq_jessica
D:4:      layout_basic, mainiacjoe_overflow_alcove_4
D:5:      layout_loops_ring, mainiacjoe_overflow_boulevard

Skill      XL: |  1  2  3  4  5  6 |
---------------+-------------------+-----
Armour         | 1 2 |  2.1
Fighting       | 3 4 |  4.0
Polearms       | 5 |  5.7
Throwing       | 3 |  3.6
Dodging        | 5 |  5.7

Action                   |  1- 3 |  4- 6 |  7- 9 || total
-------------------------+-------+-------+-------++-------
Melee: Trident           |    96 |   193 |    14 ||   303
       Punch             |     1 |     1 |       ||     2
  Use: Scroll            |     5 |     7 |     1 ||    13
       Potion            |     3 |     7 |     1 ||    11
 Stab: Sleeping          |     1 |     2 |       ||     3
       Distracted        |       |     1 |       ||     1
Armor: Leather armour    |    22 |    56 |     5 ||    83
Dodge: Dodged            |    32 |   132 |    23 ||   187
